 Dungeon Crawl Stone Soup version 0.26.1-11-gd32895ea62 (webtiles) character file.

Game seed: 16715447678086293584

3343 Gwenloh the Basher (level 10, -2/59 HPs)
             Began as a Gargoyle Fighter on May 20, 2021.
             Was an Initiate of Uskayaw.
             Slain by Snorg (4 damage)
             ... on level 9 of the Dungeon.
             The game lasted 00:25:44 (9008 turns).

Gwenloh the Basher (Gargoyle Fighter)               Turns: 9008, Time: 00:25:46

Health: -2/59      AC: 19    Str: 21    XL:     10   Next: 2%
Magic:  10/13      EV:  9    Int:  8    God:    Uskayaw [......]
Gold:   469        SH:  5    Dex: 12    Spells: 9/9 levels left

rFire    . . .     SeeInvis +   b - +0 hand crossbow
rCold    . . .     Faith    .   e - +0 buckler
rNeg     + . .     Spirit   .   j - +0 scale mail
rPois    ∞         Reflect  .   (no helmet)
rElec    +         Harm     .   K - +2 cloak
rCorr    .         Rampage  .   (no gloves)
Will     .....                  n - +0 pair of boots
Stlth    ..........             (no amulet)
HPRegen  0.19/turn              A - ring of see invisible
MPRegen  0.13/turn              (no ring)

@: no status effects
A: negative energy resistance 1, electricity resistance, unbreathing,
petrification resistance, miasma immunity, AC +7
a: Renounce Religion


You were on level 9 of the Dungeon.
You worshipped Uskayaw.
Uskayaw was noncommittal.
You visited 2 branches of the dungeon, and saw 11 of its levels.

You collected 469 gold pieces.

Inventory:

Hand Weapons
 a - a +1 flail of protection
 b - a +0 hand crossbow (weapon)
 I - a +4 quarterstaff of chaos
Missiles
 h - 68 bolts (quivered ammo)
 o - 147 arrows
 w - 24 poisoned darts
 y - 11 boomerangs
Armour
 c - a +0 kite shield
 e - a +0 buckler (worn)
 j - a +0 scale mail (worn)
 n - a +0 pair of boots (worn)
 C - a +0 chain mail
 K - a +2 cloak (worn)
Jewellery
 A - a ring of see invisible (left hand)
Wands
 d - a wand of enslavement (7)
 F - a wand of acid (11)
 H - a wand of flame (30)
 L - a wand of iceblast (5)
Scrolls
 g - 7 scrolls of remove curse
 i - a scroll of enchant weapon
 m - 5 scrolls of teleportation
 q - 3 scrolls of noise
 s - a scroll of immolation
 t - 2 scrolls of fog
 u - 3 scrolls of magic mapping
 z - a scroll of amnesia
 B - 2 scrolls of fear {unknown}
 E - a scroll of silence {unknown}
 J - 2 scrolls of enchant armour
Potions
 f - a potion of berserk rage {unknown}
 k - 2 potions of lignification {unknown}
 l - a potion of flight {unknown}
 p - a potion of magic {unknown}
 r - 2 potions of brilliance {unknown}
 v - a potion of haste {unknown}
 x - 2 potions of mutation {unknown}
 D - a potion of heal wounds {unknown}
 G - 2 potions of cancellation {unknown}


   Skills:
 + Level 5.5 Fighting
 + Level 11.3 Maces & Flails
 + Level 5.5 Armour
 + Level 5.4 Shields
 + Level 4.1 Invocations


You had 9 spell levels left.
You didn't know any spells.
Your spell library was empty.

Dungeon Overview and Level Annotations

Branches:
Dungeon (10/15)            Temple (1/1) D:6
   Lair: D:8-11         Orc: D:9-12

Altars:
Ashenzari
Cheibriados
Dithmenos
Elyvilon
Fedhas
Gozag
Hepliaklqana
Kikubaaqudgha
Nemelex Xobeh
Okawaru
Qazlal
Ru
Sif Muna
Trog
Uskayaw
Vehumet
Wu Jian
Xom
Yredelemnul
Zin
The Shining One

Annotations:
D:9 Snorg


Innate Abilities, Weirdness & Mutations

You are resistant to torment.
Your stone body is resilient. (AC +7)
You are immune to poison.
You resist negative energy. (rN+)
You are resistant to electric shocks. (rElec)
You can survive without breathing.
You are immune to petrification.
You are immune to miasma.


Message History

Snorg rages.
Snorg rages.
Snorg bites you! Snorg completely misses you. Snorg barely misses you.
Snorg bites you! Snorg barely misses you. x2
Snorg completely misses you. You block Snorg's attack.
Snorg claws you but does no damage. Snorg bites you but does no damage.
Snorg claws you! Snorg claws you but does no damage.
There is a stone staircase leading up here.
Snorg barely misses you. Snorg claws you but does no damage. Snorg claws you!
* * * LOW HITPOINT WARNING * * *
You climb upwards.
There is a stone staircase leading down here.
You stomp with the beat, sending a shockwave through the revellers around you!
Snorg is moderately wounded.
You can no longer stomp with the beat.
Snorg completely misses you. Snorg claws you!
* * * LOW HITPOINT WARNING * * *
Snorg claws you but does no damage. Snorg bites you.
You die...

.## #.# ###......# .# #.#
#####'### .# ##'##### #.....#
.# #####>.....# ##.#######
########...'......####........#
†....##..###......'.##........#
.....'..## #......#.##........#
.....#### #.....T#..#........#
.....# #....@.##..........#
###### ##'########........# #.#
#........# #.# #........# #.#
#######.## ## #.# #####.# .#
#.# #.....# .###### #.#
###'##### ......#######.##
#.......#


You could see Snorg (berserk).

Vanquished Creatures
  Maurice (D:8)
  Grinder (D:3)
  Sigmund (D:2)
  A wraith (D:9)
  Edmund (D:4)
  An ice beast (D:5)
  An orc warrior (D:7)
  2 phantoms
  2 ogres
  A centaur (D:5)
  A necrophage (D:8)
  A black bear (D:7)
  A big kobold (D:7)
  6 bullfrogs
  2 scorpions
  A water moccasin skeleton (D:9)
  4 howler monkeys
  2 hounds
  2 jellies
  Crazy Yiuf (D:7)
  A bullfrog skeleton (D:8)
  An orc wizard (D:5)
  4 iguanas
  8 worker ants
  A hound skeleton (D:4)
  A worker ant zombie (D:7)
  Robin (D:3)
  9 gnolls
  9 adders
  A shadow imp (D:5)
  8 white imps
  An ufetubus (D:6)
  2 worms
  2 leopard geckos
  18 orcs
  5 giant cockroaches
  12 goblins
  11 hobgoblins
  3 jackals (D:4)
  A quokka (D:7)
  2 ball pythons
  A ball python zombie (D:6)
  8 bats
  4 frilled lizards
  15 kobolds
  8 rats
170 creatures vanquished.

Notes
Turn   | Place    | Note
-------+----------+-------------------------------------------
     0 | D:1      | Gwenloh the Gargoyle Fighter began the quest for the Orb.
     0 | D:1      | Reached XP level 1. HP: 14/14 MP: 1/1
   274 | D:1      | You fall into a shaft and drop 1 floor!
   377 | D:2      | Reached XP level 2. HP: 18/19 MP: 2/2
   546 | D:2      | Noticed Sigmund
   550 | D:2      | Killed Sigmund
   551 | D:2      | Reached skill level 5 in Maces & Flails
   551 | D:2      | Reached XP level 3. HP: 20/23 MP: 3/3
   551 | D:2      | Reached XP level 4. HP: 24/28 MP: 4/4
   551 | D:2      | Reached XP level 5. HP: 28/32 MP: 5/5
  2105 | D:3      | Reached skill level 6 in Maces & Flails
  2105 | D:3      | Reached XP level 6. HP: 36/37 MP: 6/6
  2334 | D:3      | Noticed Grinder
  2371 | D:3      | Killed Grinder
  2372 | D:3      | Reached skill level 7 in Maces & Flails
  2372 | D:3      | Reached XP level 7. HP: 17/41 MP: 7/7
  3141 | D:3      | Noticed Robin
  3168 | D:3      | Killed Robin
  3625 | D:4      | Reached skill level 8 in Maces & Flails
  3909 | D:4      | Found a shimmering altar of Xom.
  4058 | D:4      | Found a glowing silver altar of Zin.
  4071 | D:4      | Noticed Edmund
  4140 | D:4      | Killed Edmund
  4590 | D:5      | Entered Level 5 of the Dungeon
  4620 | D:5      | Reached skill level 9 in Maces & Flails
  4620 | D:5      | Reached XP level 8. HP: 43/46 MP: 8/8
  5213 | D:5      | Reached skill level 10 in Maces & Flails
  5390 | D:6      | Found a staircase to the Ecumenical Temple.
  5418 | Temple   | Entered the Ecumenical Temple
  5719 | D:6      | Found a hide-covered altar of Uskayaw.
  5732 | D:6      | Noticed a +0 hand axe
  5732 | D:6      | Noticed a +0 dagger
  5740 | D:6      | Became a worshipper of Uskayaw the Reveller
  5790 | D:6      | Reached * piety under Uskayaw
  6126 | D:7      | Reached ** piety under Uskayaw
  6409 | D:7      | Reached skill level 1 in Invocations
  6443 | D:7      | Found an ornate altar of the Wu Jian Council.
  6525 | D:7      | Reached XP level 9. HP: 52/52 MP: 9/9
  6572 | D:7      | Found a runed translucent door.
  6573 | D:7      | Noticed Crazy Yiuf
  6945 | D:7      | Found a sacrificial altar of Ru.
  7149 | D:7      | Killed Crazy Yiuf
  7522 | D:8      | Noticed Maurice
  7537 | D:8      | Reached *** piety under Uskayaw
  7539 | D:8      | Killed Maurice
  7540 | D:8      | Reached skill level 11 in Maces & Flails
  8190 | D:9      | Reached skill level 5 in Fighting
  8190 | D:9      | Reached skill level 5 in Armour
  8190 | D:9      | Reached skill level 5 in Shields
  8870 | D:9      | Reached XP level 10. HP: 58/59 MP: 13/13
  8909 | D:10     | Entered Level 10 of the Dungeon
  8980 | D:10     | Noticed Snorg
  8980 | D:10     | Noticed a gargoyle
  9008 | D:9      | HP: 2/59 [Snorg (13)]
  9008 | D:9      | Slain by Snorg

Illustrated notes

Levels and vault maps discovered:
D:1:      dpeg_arrival_three_smaller_balls, layout_basic
D:2:      layout_loops_corners, uniq_sigmund
D:3:      layout_basic, uniq_robin, uniq_grinder
D:4:      layout_basic, kennysheep_mini_moat, zin_treasury, uniq_edmund
D:5:      layout_basic, lemuel_flamethrower_2
D:6:      layout_rooms, dancing_weapons_uskayaw,
          minmay_temple_entry_statues_fountains
D:7:      layout_gridville, nicolae_overflow_hidden_temple, dk_noncrumbling_2,
          st_stairs_2, uniq_crazy_yiuf_cottage
D:8:      layout_rooms, grunt_decor_cap, uniq_maurice
D:9:      layout_roguey
D:10:     layout_cave_pools, david_lair_shrubbed, uniq_snorg
Temple:   eino_temple_scatter_basement

Skill      XL: |  1  2  3  4  5  6  7  8  9 |
---------------+----------------------------+-----
Maces & Flails | 5 6 7 9 10 11 | 11.3
Invocations    | 1 4 |  4.1
Fighting       | 5 |  5.5
Shields        | 5 |  5.4
Armour         | 5 |  5.5

Action                   |  1- 3 |  4- 6 |  7- 9 | 10-12 || total
-------------------------+-------+-------+-------+-------++-------
Melee: Flail             |     8 |       |   330 |     4 ||   342
       Whip              |     7 |   133 |   150 |       ||   290
 Fire: Hand crossbow     |    15 |    81 |   135 |     4 ||   235
Throw: Stone             |     6 |       |     1 |       ||     7
       Dart              |       |       |     1 |       ||     1
Invok: Stomp             |       |       |     5 |     1 ||     6
       Line Pass         |       |       |     1 |       ||     1
  Use: Scroll            |       |       |    11 |       ||    11
       Potion            |       |       |     1 |       ||     1
 Stab: Paralysed         |       |       |     2 |       ||     2
Armor: Scale mail        |     9 |    56 |   212 |     7 ||   284
Dodge: Dodged            |     4 |    29 |   117 |     9 ||   159
Block: Kite shield       |    12 |    54 |   184 |       ||   250
       Buckler           |       |       |     4 |     3 ||     7
